 Dungeon Crawl Stone Soup version 0.27-a0-385-g3208abaabc (webtiles) character file.

Game seed: 1152730082849919908

24 ReteAZ the Chucker (level 2, 0/25 HPs)
             Began as a Demigod Hunter on Feb 19, 2021.
             Succumbed to a worker ant's poison
             ... on level 2 of the Dungeon.
             The game lasted 00:00:59 (1142 turns).

ReteAZ the Chucker (Demigod Hunter)                 Turns: 1142, Time: 00:00:59

Health: 0/25       AC:  3    Str: 11    XL:     2   Next: 60%
Magic:  4/4        EV: 11    Int: 13    God:
Gold:   95         SH:  3    Dex: 14    Spells: 1/1 levels left

rFire    . . .     SeeInvis .   a - +0 short sword
rCold    . . .     Faith    .   j - +0 buckler
rNeg     . . .     Spirit   .   b - +0 leather armour
rPois    .         Reflect  .   (helmet restricted)
rElec    .         Harm     .   (no cloak)
rCorr    .         Rampage  .   (no gloves)
Will     .....                  (no boots)
Stlth    +.........             (no amulet)
HPRegen  0.08/turn              (no ring)
MPRegen  0.09/turn              (no ring)

@: lethally poisoned (0 -> -14)
A: horns 1, high mp 1, weak 1
a: no special abilities


You were on level 2 of the Dungeon.
You visited 1 branch of the dungeon, and saw 2 of its levels.

You collected 95 gold pieces.

Inventory:

Hand Weapons
 a - a +0 short sword (weapon)
Missiles
 c - 6 javelins (quivered)
 d - 2 throwing nets
Armour
 b - a +0 leather armour (worn)
 j - a +0 buckler (worn)
Scrolls
 e - 3 scrolls of identify {unknown}
 g - a scroll of enchant armour {unknown}
 h - a scroll of amnesia {unknown}
 i - a scroll of random uselessness {unknown}


   Skills:
 + Level 2.3 Fighting
 - Level 3.6 Throwing
 + Level 2.4 Dodging
 - Level 0.8 Stealth
 + Level 0.5 Shields


You had one spell level left.
You didn't know any spells.
Your spell library was empty.

Dungeon Overview and Level Annotations

Branches:
Dungeon (2/15)


Innate Abilities, Weirdness & Mutations

You have an increased reservoir of magic. (+10% MP)
You have a pair of small horns on your head.
You are weak. (Str -2)


Message History

You hit the worker ant but do no damage.
The worker ant is moderately wounded.
You feel sick.
The worker ant bites you but does no damage.
The bat barely misses you.
The worker ant bites you but does no damage.
You completely miss the worker ant.
The worker ant is moderately wounded.
You feel sick. The bat closely misses you. The worker ant closely misses you.
The bat closely misses you.
You hit the worker ant.
The worker ant is heavily wounded.
You feel sick. The bat closely misses you. The worker ant misses you.
The worker ant barely misses you.
You closely miss the worker ant.
The worker ant is heavily wounded.
You feel sick. The bat hits you but does no damage. The worker ant bites you.
You are too injured to fight recklessly!
You are too injured to fight recklessly!
You are too injured to fight recklessly!
You are too injured to fight recklessly!
You are too injured to fight recklessly!
You are too injured to fight recklessly!
You miss the bat.
You feel sick. The bat barely misses you. The worker ant barely misses you.
* * * LOW HITPOINT WARNING * * *
You feel sick. The bat closely misses you. The worker ant bites you.
* * * LOW HITPOINT WARNING * * *
You are more poisoned.
The worker ant poisons you!
It was a potion of mutation.
You feel extremely strange.
You feel weaker. A pair of horns grows on your head!
* * * LOW HITPOINT WARNING * * *
You feel sick. The bat barely misses you. The worker ant closely misses you.
You aren't carrying any items that you can evoke.
* * * LOW HITPOINT WARNING * * *
You feel sick. The bat hits you but does no damage.
* * * LOW HITPOINT WARNING * * *
You feel sick.
You die...

### ..# #.# #.# # #
#.#
....#.##.##########
.......@.Bb........
###.#.####.######.#
#.####.##..<#
#.#....##.###
#.#.#####.# #.#.#
#.# #.#.# #.# #.#.#
#.# #.#.# #.#


You could see a worker ant and a bat.

Vanquished Creatures
  An ooze (D:1)
  A dart slug (D:2)
  A leopard gecko (D:1)
  2 bats (D:1)
  A giant cockroach (D:1)
  4 goblins (D:1)
  A hobgoblin (D:1)
  3 frilled lizards
  3 rats (D:1)
17 creatures vanquished.

Notes
Turn   | Place    | Note
-------+----------+-------------------------------------------
     0 | D:1      | ReteAZ the Demigod Hunter began the quest for the Orb.
     0 | D:1      | Reached XP level 1. HP: 17/17 MP: 3/3
   479 | D:1      | Reached XP level 2. HP: 24/24 MP: 4/4
  1139 | D:2      | Gained mutation: You are weak. (Str -2) [potion of
                  | mutation]
  1139 | D:2      | Gained mutation: You have a pair of small horns on your
                  | head. [potion of mutation]
  1141 | D:2      | HP: 1/25 [poisoned by a worker ant]
  1142 | D:2      | Succumbed to a worker ant's poison

Illustrated notes

Levels and vault maps discovered:
D:1:      minmay_arrival_open_corners, layout_loops_ring, wad_floor_pattern_1,
          ebering_dispersal_statue_hall
D:2:      layout_basic, uniq_robin

Skill      XL: |  1 |
---------------+----+-----
Fighting       | 2 |  2.3
Dodging        | 2 |  2.4
Throwing       | |  3.6
Stealth        | |  0.8
Shields        | |  0.5

Action                   || total
-------------------------++-------
Melee: Short sword       ||    70
  Use: Potion            ||     1
 Stab: Sleeping          ||     1
Armor: Leather armour    ||    17
Dodge: Dodged            ||    69
Block: Buckler           ||     7

Table legend: (Time is in decaauts)
 A = Elapsed time spent in this place.
 B = Non-inter-level travel time spent in this place.
 C = Inter-level travel time spent in this place.
 D = Time resting spent in this place.
 E = Time spent auto-exploring this place.
 F = Levels seen in this place.
 G = Mean time per level.
                   A        B        C        D        E       F      G
               +--------+--------+--------+--------+--------+-----+--------+
         Total |   1151 |   1126 |     25 |      0 |    947 |   2 |  575.5 |
       Dungeon |   1151 |   1126 |     25 |      0 |    947 |   2 |  575.5 |
               +--------+--------+--------+--------+--------+-----+--------+

Top non-repeatable levels by time:
     D:1: 998 daAuts
     D:2: 153 daAuts
